 Dungeon Crawl Stone Soup version 0.31-a0-188-g5e087ee2ca (webtiles) character file.

Game seed: 14557300965900557090

185 Cidec the Chopper (level 5, -1/38 HPs)
             Began as a Demonspawn Gladiator on June 23, 2023.
             Slain by an orc wizard
             ... wielding a +2 dagger of venom
              (5 damage)
             ... on level 3 of the Dungeon.
             The game lasted 00:06:09 (2078 turns).

Cidec the Chopper (Demonspawn Gladiator)            Turns: 2078, Time: 00:06:10

Health: -1/38      AC:  4    Str: 16    XL:     5   Next: 37%
Magic:  5/5        EV: 12    Int: 10    God:
Gold:   122        SH:  5    Dex: 14    Spells: 4/4 levels left

rFire   . . .        a - +0 war axe
rCold   . . .        (no shield)
rNeg    . . .        b - +0 leather armour
rPois   .            c - +0 helmet
rElec   .            (no cloak)
rCorr   .            (no gloves)
SInv    .            (no boots)
Will    .....        s - amulet of reflection
Stlth   +            (no ring)
HPRegen 0.26/turn    (no ring)
MPRegen 0.09/turn

%: reflection
@: mighty, lethally poisoned (-1 -> -4)
A: powered by death 1, demonic touch 1
a: no special abilities


You were on level 3 of the Dungeon.
You visited 1 branch of the dungeon, and saw 3 of its levels.

You collected 122 gold pieces.

Inventory:

Hand Weapons
 a - a +0 war axe (weapon)
Missiles
 d - 3 throwing nets (quivered)
 e - a javelin
Armour
 b - a +0 leather armour (worn)
 c - a +0 helmet (worn)
Jewellery
 f - an amulet of faith
 s - an amulet of reflection (around neck)
Scrolls
 g - a scroll of summoning {unknown}
 l - 2 scrolls of teleportation {unknown}
 m - a scroll of fog {unknown}
 p - a scroll of enchant weapon {unknown}
 q - a scroll of fear
Potions
 i - 2 potions of might
 k - a potion of mutation
 n - a potion of enlightenment {unknown}
 o - a potion of invisibility {unknown}
 r - a potion of attraction {unknown}


   Skills:
 - Level 2.0 Fighting
 + Level 5.6 Axes
 - Level 1.7 Throwing
 - Level 2.6 Dodging


You had 4 spell levels left.
You didn't know any spells.
Your spell library contained the following spells:

 Spells                   Type           Power      Damage    Failure   Level
 Kiss of Death            Conj/Necr      0%         2d5       43%         1
 Confusing Touch          Hex            0%         N/A       80%         3
 Dispel Undead            Necr           0%         3d6       99%         4
 Blade Hands              Tmut           0%         N/A       100%        5
 Irradiate                Conj/Tmut      0%         3d11      100%        5
 Dragon Form              Tmut           0%         N/A       100%        7


Dungeon Overview and Level Annotations

Branches:
Dungeon (3/15)

Altars:


Innate Abilities, Weirdness & Mutations

You regenerate a little health from kills.
Your touch may inflict minor irresistible damage on your foes.


Message History

You feel extremely sick. Something hits you.
You are more poisoned.
You feel better. Something completely misses you.
You barely miss something. Your touch misses something.
Something barely misses you.
You feel very mighty all of a sudden. Something hits you.
You hit something. Something hits you.
You are poisoned.
You miss something.
* * * LOW HITPOINT WARNING * * *
You feel very sick. Something hits you.
* * * LOW HITPOINT WARNING * * *
You are lethally poisoned!
Something hits you.
* * * LOW HITPOINT WARNING * * *
You feel better. You block something's attack.
You hit something. Something hits you but does no damage.
You are poisoned.
Something hits you but does no damage.
You are more poisoned.
You feel very sick.
Things that are here:
a +0 short sword; an orc corpse
* * * LOW HITPOINT WARNING * * *
You feel very sick.
Items here: )) [ †.
Something barely misses you.
* * * LOW HITPOINT WARNING * * *
You feel very sick.
* * * LOW HITPOINT WARNING * * *
You feel sick.
* * * LOW HITPOINT WARNING * * *
You feel sick.
Okay, then.
You miss something.
* * * LOW HITPOINT WARNING * * *
You feel sick. Something hits you.
You die...

#.# #.# #.# #.# #.#
#.# #.# #.# #.# #.#
#.# #.# #)# #.# #.#
#)# #.# #†# ###)# #.#
#.# #...#######.###.#
#....#.{@..........#
#.#.#...#############
# # ##.## ##.#### #.
....... #. ####### #.
.############.
......<.......
.#############


There were no monsters in sight!

Vanquished Creatures
  2 orc priests (D:3)
  Jessica (D:3)
  A gnoll (D:2)
  4 adders (D:2)
  3 orcs (D:3)
  7 ball pythons (D:1)
  3 bats
  4 endoplasms
  4 giant cockroaches (D:1)
  4 goblins
  5 hobgoblins
  2 quokkas
  2 frilled lizards
  3 kobolds
  8 rats
53 creatures vanquished.

Notes
Turn   | Place    | Note
-------+----------+-------------------------------------------
     0 | D:1      | Cidec the Demonspawn Gladiator began the quest for the Orb.
     0 | D:1      | Reached XP level 1. HP: 16/16 MP: 1/1
    43 | D:1      | Reached skill level 3 in Axes
   232 | D:1      | Gained mutation: Your touch may inflict minor irresistible
                  | damage on your foes. [demonic ancestry]
   232 | D:1      | Reached XP level 2. HP: 21/22 MP: 2/2
   567 | D:1      | Reached XP level 3. HP: 26/27 MP: 3/3
  1029 | D:2      | Reached skill level 4 in Axes
  1194 | D:2      | Reached XP level 4. HP: 25/33 MP: 4/4
  1363 | D:2      | Found a faded altar of an unknown god.
  1812 | D:3      | Noticed Jessica
  1815 | D:3      | Killed Jessica
  1816 | D:3      | Reached skill level 5 in Axes
  2052 | D:3      | Gained mutation: You regenerate a little health from kills.
                  | [demonic ancestry]
  2052 | D:3      | Reached XP level 5. HP: 27/38 MP: 5/5
  2078 | D:3      | Slain by an orc wizard

Illustrated notes

Levels and vault maps discovered:
D:1:      lemuel_arrival_hallway, layout_loops_corners, serial_glass,
          glass_columns_a, glass_columns_c, due_unseen_surprise,
          feat_on_display, item_on_display_a, minmay_strange_pillars,
          nicolae_concentric_dashed_squares_wild
D:2:      layout_basic, hellmonk_ecumenical_altar_lost_god,
          minmay_fractal_squares_5
D:3:      kennysheep_goblin_castle, layout_loops_ring, uniq_jessica

Skill      XL: |  1  2  3  4 |
---------------+-------------+-----
Axes           | 3 4 5 |  5.6
Fighting       | |  2.0
Throwing       | |  1.7
Dodging        | |  2.6

Action                     |  1- 3 |  4- 6 || total
---------------------------+-------+-------++-------
  Melee: War axe           |    91 |    55 ||   146
         Touch             |    10 |     5 ||    15
         Punch             |     1 |       ||     1
    Use: Scroll            |     1 |     3 ||     4
         Potion            |       |     5 ||     5
   Stab: Sleeping          |       |     1 ||     1
 Armour: Leather armour    |    33 |    17 ||    50
  Dodge: Dodged            |    80 |    31 ||   111
  Block: Other             |       |     7 ||     7

Table legend: (Time is in decaauts)
 A = Elapsed time spent in this place.
 B = Non-inter-level travel time spent in this place.
 C = Inter-level travel time spent in this place.
 D = Time resting spent in this place.
 E = Time spent auto-exploring this place.
 F = Levels seen in this place.
 G = Mean time per level.
                   A        B        C        D        E       F      G
               +--------+--------+--------+--------+--------+-----+--------+
         Total |   2120 |   2093 |     27 |    108 |   1582 |   3 |  706.7 |
       Dungeon |   2120 |   2093 |     27 |    108 |   1582 |   3 |  706.7 |
               +--------+--------+--------+--------+--------+-----+--------+

Top non-repeatable levels by time:
     D:1: 994 daAuts
     D:2: 791 daAuts
     D:3: 335 daAuts
